 Dungeon Crawl Stone Soup version 0.20-a0-738-gb057e68 (console) character file.

93 nht the Ruffian (level 4, -1/48 HPs)
             Began as an Ogre Fighter on Feb 23, 2017.
             Succumbed to graki42's ghost's poison
             ... on level 3 of the Dungeon.
             The game lasted 00:01:55 (1239 turns).

nht the Ruffian (Ogre Fighter)                      Turns: 1239, Time: 00:01:56

Health: -1/48      AC:  3    Str: 26    XL:     4   Next: 62%
Magic:  4/4        EV: 13    Int:  9    God:
Gold:   127        SH:  9    Dex: 13    Spells: 3/3 levels left

rFire    . . .     SeeInvis .     - Unarmed
rCold    . . .     Gourm    .   a - +0 robe
rNeg     . . .     Faith    .   b - +0 shield
rPois    .         Spirit   .   (helmet restricted)
rElec    .         Reflect  .   (no cloak)
rCorr    .         Harm     .   (gloves unavailable)
MR       .....                  (boots unavailable)
Stlth    ++........             (no amulet)
Regen    0.2/turn               (no ring)
MPRegen  0.1/turn               (no ring)

@: mighty, agile, lethally poisoned (-1 -> -35), very slightly contaminated,
invisible
A: unfitting armour, tough skin 1
a: no special abilities


You were on level 3 of the Dungeon.
You were not hungry.

You visited 1 branch of the dungeon, and saw 3 of its levels.

You collected 127 gold pieces.

Inventory:

Missiles
 e - 2 tomahawks (quivered)
Armour
 a - a +0 robe (worn)
 b - a +0 shield (worn)
Scrolls
 g - 5 scrolls of remove curse {unknown}
 h - 3 scrolls of identify {unknown}
 i - a scroll of enchant weapon {unknown}
 m - 2 scrolls of blinking {unknown}
 n - a scroll of fear {unknown}
 o - a scroll of teleportation {unknown}
Potions
 c - 2 potions of might
 l - a potion of invisibility
Comestibles
 d - 4 bread rations
 f - 8 chunks of flesh
 j - a meat ration


   Skills:
 - Level 4.0 Fighting
 - Level 2.6 Dodging
 - Level 2.6 Shields
 + Level 4.2 Unarmed Combat


You had 3 spell levels left.
You didn't know any spells.

Dungeon Overview and Level Annotations

Branches:
Dungeon (3/15)

Altars:

Annotations:
D:3 graki42's ghost, amateur DgFE


Innate Abilities, Weirdness & Mutations

You are too large for most types of armour.
You have tough skin. (AC +1)


Message History

* * * LOW HITPOINT WARNING * * *
You feel very sick. Graki42's ghost hits you.
* * * LOW HITPOINT WARNING * * *
You are more poisoned.
You are very lightly contaminated with residual magic.
It was a potion of agility.
You feel agile all of a sudden.
* * * LOW HITPOINT WARNING * * *
You feel very sick. Graki42's ghost hits you.
* * * LOW HITPOINT WARNING * * *
You closely miss graki42's ghost.
Graki42's ghost is lightly damaged.
* * * LOW HITPOINT WARNING * * *
You feel very sick. Graki42's ghost closely misses you.
You punch graki42's ghost!
Graki42's ghost is severely damaged.
You die...

.█ .♣.. [♣♣█... █ ..█
♣P.P. .....█ ..█ █...
♣...♣♣♣..█ .. █...██
♣P..♣...████ ██♣♣
.....%♣♣♣♣♣...)...█ █...
♣..............██.███.♣♣
♣♣......................
........████.███.█...███
♣♣.....@.█ █.█ █..██....
♣....W█.██..████..██)..
♣...... ..>......█.██...
█████.██....P..P♣..██...
.....!.PP.♣P ♣......
.....P..♣♣♣♣♣♣ .♣....
.....PP♣♣♣ ♣P(████.
........♣ P ██ █. █.


You could see graki42's ghost.

Vanquished Creatures
  2 adders (D:2)
  2 oozes
  5 dart slugs
  3 leopard geckos
  5 giant cockroaches
  5 goblins
  4 hobgoblins
  5 jackals
  3 kobolds
  2 quokkas (D:2)
  6 bats
  A frilled lizard (D:3)
  8 rats
51 creatures vanquished.

Notes
Turn   | Place    | Note
-------+----------+-------------------------------------------
     0 | D:1      | nht the Ogre Fighter began the quest for the Orb.
     0 | D:1      | Reached XP level 1. HP: 24/24 MP: 1/1
     2 | D:1      | Noticed a halfling
     4 | D:1      | Noticed a troll
     6 | D:1      | Noticed a draconian
     6 | D:1      | Noticed a demonspawn
     8 | D:1      | Noticed a dwarf
     8 | D:1      | Noticed an ogre
    10 | D:1      | Noticed a centaur
    10 | D:1      | Noticed an elf
    12 | D:1      | Noticed a ghoul
    12 | D:1      | Noticed a vampire
    14 | D:1      | Noticed a felid
    14 | D:1      | Noticed an octopode
    16 | D:1      | Noticed a naga
    18 | D:1      | Noticed a spriggan
    18 | D:1      | Noticed a merfolk
    20 | D:1      | Noticed a vine stalker
    20 | D:1      | Noticed a minotaur
    22 | D:1      | Noticed a human
    22 | D:1      | Noticed a gargoyle
    24 | D:1      | Noticed a tengu
    26 | D:1      | Noticed a demigod
    26 | D:1      | Noticed a formicid
    62 | D:1      | Reached XP level 2. HP: 18/32 MP: 2/2
   168 | D:1      | Reached XP level 3. HP: 17/39 MP: 3/3
   738 | D:2      | Reached XP level 4. HP: 38/48 MP: 4/4
  1229 | D:3      | Noticed graki42's ghost (amateur DgFE)
  1238 | D:3      | HP: 2/48 [poisoned by graki42's ghost]
  1239 | D:3      | Succumbed to graki42's ghost's poison

Vault maps used:
D:1:      kb_arrival_jail
D:2:      hex_medium
D:3:      serial_forest, infiniplex_forest_clump_small, infiniplex_forest_3_way,
          infiniplex_forest_3_way, infiniplex_forest_lined_2,
          infiniplex_forest_clump_long, infiniplex_forest_straight_1,
          infiniplex_forest_end_2, first_bread

Skill      XL: |  1  2  3  4 |
---------------+-------------+-----
Unarmed Combat | 2 3 4 |  4.2
Fighting       | |  4.0
Dodging        | |  2.6
Shields        | |  2.6

Action                   |  1- 3 |  4- 6 || total
-------------------------+-------+-------++-------
Melee: Unarmed           |   146 |    75 ||   221
  Use: Potion            |       |     3 ||     3
  Eat: Chunk             |       |     1 ||     1
Armor: Robe              |    45 |    22 ||    67
Dodge: Dodged            |    59 |    25 ||    84
Block: Shield            |    56 |    22 ||    78
